 Dungeon Crawl Stone Soup version 0.29-a0-451-gfbfa42419e (webtiles) character file.

Game seed: 4159505508082170185

18090 holysushi the Nimble (level 12, -1/79 HPs)
             Began as an Octopode Artificer on May 20, 2022.
             Was an Initiate of Gozag.
             Collided with a briar patch (17 damage)
             ... caused by a swamp worm
             ... on level 2 of the Lair of Beasts.
             The game lasted 00:35:03 (17087 turns).

holysushi the Nimble (Octopode Artificer)          Turns: 17087, Time: 00:35:04

Health: -1/79      AC:  1    Str: 22    XL:     12   Next: 54%
Magic:  21/21      EV: 27    Int: 21    God:    Gozag
Gold:   2670       SH: 14    Dex: 22    Spells: 11/11 levels left

rFire   . . .      SeeInvis +   G - +6 short sword
rCold   . . .      Faith    .   U - +3 warlock's mirror {reflect}
rNeg    + . .      Spirit   .   (helmet restricted)
rPois   +          Reflect  +   w - amulet of reflection
rElec   +          Harm     .   h - +6 ring of strength
rCorr   +          Rampage  .   t - +4 ring of evasion
Will    .....                   P - ring "Luosuol" {Int+4 SInv}
Stlth   +++++.....              B - ring of positive energy
HPRegen 0.23/turn               N - +6 ring of dexterity
MPRegen 0.17/turn               d - ring "Usaimax" {rElec rCorr Str+4 Int+6}
                                x - ring of the Enemy {Fly rPois rCorr MP+9 Int-3}
                                (no ring)

@: flying
A: almost no armour, amphibious, 8 rings, camouflage 1, gelatinous body 1,
(nimble swimmer 1), tentacles
a: Renounce Religion, Potion Petition, Call Merchant, Bribe Branch


You were on level 2 of the Lair of Beasts.
You worshipped Gozag.
Gozag was most pleased with you.
You visited 3 branches of the dungeon, and saw 14 of its levels.
You also visited: Ossuary, Bailey and Gauntlet.

You collected 2759 gold pieces.
You spent 33 gold pieces at shops.
You paid 56 gold pieces to Gozag.

Inventory:

Hand Weapons
 a - a +1 dagger of speed
 b - a +0 rapier
 G - a +6 short sword (weapon)
 L - a +0 rapier of chaos
Armour
 O - a +1 tower shield of poison resistance
 S - a +2 kite shield of reflection
 U - the +3 warlock's mirror (worn) {reflect}
   (You found it in a Gauntlet)

   It can block and reflect piercing ranged attacks and magical attacks against
   the wielder's willpower.
Jewellery
 d - the ring "Usaimax" (on tentacle) {rElec rCorr Str+4 Int+6}
   (You found it in a Gauntlet)

   [ring of intelligence]

   Str:       It affects your strength (+4).
   Int:       It affects your intelligence (+6).
   rElec:     It insulates you from electricity.
   rCorr:     It protects you from acid and corrosion.
 h - a +6 ring of strength (left tentacle)
 t - a +4 ring of evasion (right tentacle)
 w - an amulet of reflection (around mantle)
 x - the ring of the Enemy (on tentacle) {Fly rPois rCorr MP+9 Int-3}
   (You took it off a minotaur in a Gauntlet)

   [ring of flight]

   Int:       It affects your intelligence (-3).
   rPois:     It protects you from poison.
   MP:        It affects your magic capacity (+9).
   Fly:       It grants you flight.
   rCorr:     It protects you from acid and corrosion.
 B - a ring of positive energy (on tentacle)
 E - an amulet of guardian spirit
 N - a +6 ring of dexterity (on tentacle)
 P - the ring "Luosuol" (on tentacle) {Int+4 SInv}
   (You found it in a Gauntlet)

   [ring of see invisible]

   Int:       It affects your intelligence (+4).
   SInv:      It lets you see invisible.
 Q - a ring of magical power
 W - a ring of protection from fire
Wands
 c - a wand of charming (10)
 s - a wand of digging (3)
 A - a wand of acid (7)
 H - a wand of paralysis (4)
 M - a wand of mindburst (4)
 R - a wand of polymorph (5)
 T - a wand of iceblast (4)
Scrolls
 g - 2 scrolls of fear
 k - 2 scrolls of vulnerability
 l - 6 scrolls of teleportation
 p - a scroll of immolation
 q - 2 scrolls of fog
 u - 8 scrolls of enchant armour
 y - 2 scrolls of identify
 z - 4 scrolls of summoning
 C - a scroll of amnesia
 I - 2 scrolls of blinking
 J - 3 scrolls of enchant weapon
 X - a scroll of magic mapping
Potions
 e - 10 potions of curing
 f - 2 potions of attraction
 i - 3 potions of haste
 j - 3 potions of ambrosia
 m - 5 potions of cancellation
 n - 3 potions of might
 o - a potion of magic
 r - 7 potions of flight
 v - 3 potions of heal wounds
 D - 5 potions of brilliance
 K - 5 potions of mutation
 Z - a potion of berserk rage {unknown}
Miscellaneous
 V - a phial of floods (inert)


   Skills:
 + Level 6.1 Fighting
 + Level 11.5 Short Blades
 * Level 12.8 Dodging
 + Level 7.6 Stealth
 + Level 5.3 Shields
 + Level 6.8 Evocations


You had 11 spell levels left.
You didn't know any spells.
Your spell library contained the following spells:

 Spells                   Type           Power      Damage    Failure   Level
 Magic Dart               Conj           0%         1d3       22%         1
 Sandblast                Erth           0%         2d4       22%         1
 Summon Small Mammal      Summ           0%         N/A       22%         1
 Passwall                 Tmut/Erth      0%         N/A       34%         2
 Searing Ray              Conj           0%         2d4       34%         2
 Call Canine Familiar     Summ           0%         N/A       56%         3
 Conjure Flame            Conj/Fire      0%         6-21      56%         3
 Ignite Poison            Fire/Tmut/Pois 0%         N/A       56%         3
 Portal Projectile        Hex/Tloc       0%         N/A       56%         3
 Stone Arrow              Conj/Erth      0%         3d7       56%         3
 Summon Guardian Golem    Hex/Summ       0%         N/A       56%         3
 Tukima's Dance           Hex            0%         N/A       56%         3
 Fulminant Prism          Conj/Hex       0%         3d6       92%         4
 Iskenderun's Mystic Bla  Conj/Tloc      0%         2d3       92%         4
 Sticky Flame             Conj/Fire      0%         2d3       92%         4
 Blade Hands              Tmut           0%         N/A       99%         5
 Lee's Rapid Deconstruct  Erth           0%         3d5*      99%         5


Dungeon Overview and Level Annotations

Branches:
Dungeon (11/15)            Temple (1/1) D:7            Lair (2/6) D:8
 Shoals (0/4) Lair:2       Spider (0/4) Lair:2      Ossuary (visited)
 Bailey (visited)         Gauntlet (visited)
    Orc: D:9-12

Altars:
Ashenzari
Cheibriados
Dithmenos
Elyvilon
Fedhas
Gozag
Hepliaklqana
Kikubaaqudgha
Makhleb
Nemelex Xobeh
Okawaru
Qazlal
Ru
Sif Muna
Trog
Uskayaw
Vehumet
Wu Jian
Xom
Yredelemnul
Zin
The Shining One
Lugonu

Shops:
D:2 *   D:9 (

Annotations:
D:2 exclusion: downstairs
D:3 acebull12's ghost, amateur KoEn
D:8 4 transporters! Amulet and ring art, jlumianski's ghost, novice DsFi
Lair:1 exclusion: 2 downstairs
Lair:2 1 transporter


Innate Abilities, Weirdness & Mutations

You cannot wear most types of armour.
You are amphibious.
You can wear up to eight rings at the same time.
Your skin changes colour to match your surroundings (Stealth+).
Your rubbery body absorbs attacks. (AC +1, EV +1)
((You are camouflaged when in or above water. (Stealth+)))
You have tentacles for arms and can constrict up to eight enemies at once.


Message History

You swing at nothing.
You swing at nothing.
The swamp worm fires a harpoon shot at you.
Your +3 warlock's mirror {reflect} reflects the harpoon shot!
The harpoon shot hits the swamp worm.
You see here 8 gold pieces.
You now have 2670 gold pieces (gained 8).
The swamp worm fires a harpoon shot at you.
The harpoon shot misses you.
There is a transporter landing site here.
Aiming: Mindburst
Press: ? - help, Shift-Dir - straight line, f - briar patch
Aim: a briar patch (infinite will)
Okay, then.
Unknown command.
You are struck by the briar patch's thorns.
You hit the briar patch but do no damage.
Unknown command.
You are struck by the briar patch's thorns.
You hit the briar patch.
The briar patch is moderately damaged.
You hit the briar patch but do no damage.
The briar patch is moderately damaged.
You are struck by the briar patch's thorns.
You hit the briar patch.
The briar patch is moderately damaged.
The swamp worm fires a harpoon shot at you.
Your +3 warlock's mirror {reflect} reflects the harpoon shot!
The harpoon shot hits the briar patch but does no damage.
You are struck by the briar patch's thorns.
You puncture the briar patch!
You destroy the briar patch!
The swamp worm fires a harpoon shot at you.
The harpoon shot hits you!
* * * LOW HITPOINT WARNING * * *
You are yanked forward by the harpoon shot.
You collide with the briar patch!
The briar patch is lightly damaged.
You die...
Your body crumbles into a pile of gold.

##...............................
#...#...........©.......##.#.##..
##............#####....###.####..
##........P.###.©.###..##### #P..
.#...P#+.#P.##≈P^P≈♣#...# #...
#...........#.≈P^P≈##..## ##..
##..........##≈P^P≈.#..#######...
#..........#♣≈.^°###.....##P....
##..........###°@P≈♣#............
#...........#w§P^P≈##............
#....#..#...##≈P☼P≈w#............
##..####....####+####............
#..# ###....#!=)#..............
#..## #....#[©=#.........>.#..
##...# #....#####.....<........
#[...# ##......©.....".......#..
##...# #......^.......#.>....#..


You could see 2 swamp worms.

Vanquished Creatures
  A minotaur (Gauntlet)
  A boulder beetle (Lair:2)
  2 hydras
  Urug (Lair:1)
  A fire crab (Gauntlet)
  Pikel (D:5)
  An orc knight (Bailey)
  4 black mambas
  2 merfolk sirens (Lair:2)
  A gargoyle (D:11)
  A rime drake (Lair:1)
  2 komodo dragons (Lair:1)
  A troll (D:9)
  A merfolk (Lair:2)
  2 hornets
  3 blink frogs (Lair:2)
  Sigmund (D:2)
  2 jumping spiders (Lair:2)
  A vampire (D:11)
  3 culicivoras (Lair:2)
  11 yaks
  2 wyverns
  2 wraiths
  A neqoxec (Gauntlet)
  3 fire bats (Gauntlet)
  A steam dragon (D:9)
  Menkaure (D:4)
  2 swamp worms (Lair:2)
  6 water moccasins
  A hell hound (Gauntlet)
  2 acid dragons
  Duvessa (D:6)
  4 orc warriors
  An ice beast (D:6)
  2 black bears (D:4)
  A sky beast (D:7)
  2 centaurs (D:9)
  A lemure (D:5)
  Blork the orc (D:6)
  A kobold brigand (D:7)
  3 gnoll sergeants
  4 scorpions
  5 bullfrogs
  A necrophage (D:5)
  5 wights (D:9)
  Dowan (D:6)
  6 killer bees
  2 jellies
  5 hounds
  A human zombie (Ossuary)
  4 orc priests
  7 iguanas
  Jessica (D:2)
  8 orc wizards
  A hound zombie (Ossuary)
  4 mummies (Ossuary)
  16 gnolls
  5 adders
  13 white imps
  4 worms
  A dart slug (D:4)
  39 orcs
  8 endoplasms
  5 giant cockroaches
  5 goblins
  7 hobgoblins
  4 jackals
  18 kobolds
  7 quokkas
  6 ball pythons
  7 bats
  6 frilled lizards
  2 hobgoblin zombies (Ossuary)
  A jackal zombie (Ossuary)
  3 kobold zombies (Ossuary)
  An orc zombie (Ossuary)
  5 rats
  3 rat zombies (Ossuary)
  3 briar patches (Lair:2)
305 creatures vanquished.

Vanquished Creatures (collateral kills)
  A fire bat (Gauntlet)
  5 orc warriors (Bailey)
  8 orcs (Bailey)
14 creatures vanquished.

Vanquished Creatures (others)
  A butterfly (D:9)
  7 fungi (Lair:2)
  23 plants
31 creatures vanquished.

Grand Total: 350 creatures vanquished

Notes
Turn   | Place    | Note
-------+----------+-------------------------------------------
     0 | D:1      | holysushi the Octopode Artificer began the quest for the
                  | Orb.
     0 | D:1      | Reached XP level 1. HP: 13/13 MP: 1/1
   232 | D:1      | Reached XP level 2. HP: 13/19 MP: 2/2
   615 | D:1      | Reached XP level 3. HP: 18/25 MP: 3/3
   967 | D:1      | Found a faded altar of an unknown god.
  1578 | D:2      | Noticed Jessica
  1580 | D:2      | Found Xucaq's General Store.
  1587 | D:2      | Killed Jessica
  1588 | D:2      | Reached skill level 1 in Short Blades
  1588 | D:2      | Reached XP level 4. HP: 11/31 MP: 4/4
  1600 | D:2      | Bought a scroll of teleportation for 33 gold pieces
  2158 | D:2      | Noticed Sigmund
  2172 | D:2      | Killed Sigmund
  2173 | D:2      | Reached XP level 5. HP: 36/36 MP: 5/5
  2173 | D:2      | Reached XP level 6. HP: 42/42 MP: 6/6
  2457 | D:3      | Found a runed translucent gate.
  2485 | D:3      | Found a runed translucent gate.
  2485 | D:3      | Found an opulent altar of Gozag.
  2486 | D:3      | Found a runed translucent gate.
  2489 | D:3      | Noticed acebull12's ghost (amateur KoEn)
  2529 | D:3      | Reached skill level 5 in Short Blades
  3116 | D:3      | Became a worshipper of Gozag Ym Sagoz the Greedy
  4136 | D:4      | Noticed a black bear
  4143 | D:4      | Killed a black bear
  4144 | D:4      | Reached XP level 7. HP: 46/46 MP: 7/7
  4175 | D:4      | Noticed Menkaure
  4184 | D:4      | Killed Menkaure
  4233 | D:4      | Found a sand-covered staircase.
  4240 | Ossuary  | Entered an ossuary
  5341 | D:4      | Reached XP level 8. HP: 34/52 MP: 8/8
  5585 | D:5      | Entered Level 5 of the Dungeon
  5611 | D:5      | Reached skill level 3 in Dodging
  6512 | D:6      | Noticed Pikel
  6571 | D:5      | Killed Pikel
  6572 | D:5      | Reached skill level 5 in Dodging
  6736 | D:6      | Reached XP level 9. HP: 59/59 MP: 9/9
  6958 | D:6      | Reached skill level 5 in Evocations
  7076 | D:6      | Noticed Blork the orc
  7086 | D:6      | Killed Blork the orc
  7087 | D:6      | Reached skill level 5 in Fighting
  7326 | D:6      | Noticed Duvessa
  7327 | D:6      | Noticed Dowan
  7333 | D:6      | Killed Duvessa
  7343 | D:6      | Killed Dowan
  7344 | D:6      | Reached skill level 6 in Dodging
  7437 | D:7      | Found an ornate altar of the Wu Jian Council.
  7470 | D:7      | Found a staircase to the Ecumenical Temple.
  7993 | D:7      | Found an iron altar of Okawaru.
  8242 | D:7      | Reached skill level 7 in Dodging
  9022 | Temple   | Entered the Ecumenical Temple
  9135 | D:8      | Found a staircase to the Lair.
  9168 | D:8      | Found a transporter.
  9179 | D:8      | Reached skill level 5 in Stealth
  9179 | D:8      | Reached XP level 10. HP: 66/66 MP: 10/10
  9195 | D:8      | Noticed jlumianski's ghost (novice DsFi)
  9195 | D:8      | Noticed a moth of wrath
  9214 | D:8      | Found a transporter.
  9503 | D:8      | Found a transporter.
  9507 | D:8      | Found a corrupted altar of Lugonu.
  9663 | D:8      | Reached skill level 8 in Dodging
  9811 | D:8      | Found a transporter.
  9813 | D:8      | Noticed a cyan ugly thing
  9815 | D:8      | Noticed a white ugly thing
  9886 | D:9      | Found a flagged portal.
  9909 | Bailey   | Entered a bailey
 10153 | Bailey   | Noticed an orc knight
 10225 | Bailey   | Killed an orc knight
 10674 | D:9      | Reached skill level 9 in Dodging
 11158 | D:9      | Found a white marble altar of Elyvilon.
 11286 | D:9      | Found Bumueqah's Weapon Boutique.
 11681 | D:10     | Entered Level 10 of the Dungeon
 12024 | D:10     | Reached skill level 10 in Short Blades
 12263 | D:10     | Reached skill level 10 in Dodging
 12263 | D:10     | Reached skill level 1 in Shields
 12423 | D:10     | Found a glowing silver altar of Zin.
 12427 | D:10     | Noticed a four-headed hydra
 12449 | D:10     | Killed a four-headed hydra
 12450 | D:10     | Reached XP level 11. HP: 60/71 MP: 11/11
 13229 | Lair:1   | Entered Level 1 of the Lair of Beasts
 13314 | Lair:1   | Reached skill level 11 in Dodging
 13463 | Lair:1   | Found a gate leading to a gauntlet.
 13470 | Gauntlet | Entered a Gauntlet
 13470 | Gauntlet | Found a transporter.
 13470 | Gauntlet | Found a transporter.
 13507 | Gauntlet | Found a transporter.
 13522 | Gauntlet | Found a transporter.
 13542 | Gauntlet | Found a transporter.
 13542 | Gauntlet | Found a transporter.
 13545 | Gauntlet | Found a transporter.
 13545 | Gauntlet | Found a transporter.
 13545 | Gauntlet | Found a transporter.
 13545 | Gauntlet | Noticed a catoblepas
 13547 | Gauntlet | Noticed a fire crab
 13566 | Gauntlet | Found a transporter.
 13576 | Gauntlet | Found a transporter.
 13584 | Gauntlet | Found a runed translucent door.
 13586 | Gauntlet | Found a transporter.
 13588 | Gauntlet | Found a runed translucent door.
 13601 | Gauntlet | Found a transporter.
 13621 | Gauntlet | Found a transporter.
 13785 | Gauntlet | Killed a fire crab
 13996 | Gauntlet | Identified the ring "Usaimax" {rElec rCorr Str+4 Int+6}
 14008 | Gauntlet | Found the +3 warlock's mirror {reflect}
 14008 | Gauntlet | Identified the +3 morningstar "Lown" {venom, Stlth+}
 14008 | Gauntlet | Identified the ring of the Enemy {Fly rPois rCorr MP+9
                  | Int-3}
 14008 | Gauntlet | Noticed a minotaur
 14018 | Gauntlet | Killed a minotaur
 14023 | Gauntlet | Identified the ring "Luosuol" {Int+4 SInv}
 14386 | Lair:1   | Noticed Urug
 14394 | Lair:1   | Killed Urug
 14395 | Lair:1   | Reached skill level 12 in Dodging
 14977 | Lair:2   | Found a frozen archway.
 14989 | Lair:1   | Reached XP level 12. HP: 68/77 MP: 12/12
 15030 | Lair:2   | Noticed a four-headed hydra
 15451 | Lair:2   | Noticed a boulder beetle
 15461 | Lair:2   | Killed a boulder beetle
 15585 | Lair:2   | Found a staircase to the Shoals.
 15669 | Lair:2   | Killed a four-headed hydra
 15670 | Lair:2   | Reached skill level 5 in Shields
 16028 | Lair:2   | Found a transporter.
 16092 | Lair:2   | Found a transporter.
 16510 | Lair:2   | Found a hole to the Spider Nest.
 17087 | Lair:2   | Collided with a briar patch

Illustrated notes

Levels and vault maps discovered:
D:1:      wander_arrival_abandoned_jail, layout_loops_cross,
          basic_ecumenical_altar
D:2:      layout_rooms, serial_shops, nicolae_shop_statue_plus, uniq_jessica,
          uniq_sigmund
D:3:      layout_basic, ebering_ghost_gozag
D:4:      layout_rooms, enter_ossuary_5, uniq_menkaure
D:5:      layout_gridville, minmay_misc_feat_enclosed,
          hangedman_abyss_or_decor_lesser_grid
D:6:      layout_gridville, uniq_duvessa, uniq_pikel, uniq_blork_the_orc
D:7:      layout_basic, mainiacjoe_overflow_24_doors, nzn_wu_jian_council_hall,
          minmay_temple_entry_sparse_star, dk_noncrumbling_2
D:8:      gammafunk_corrupted_shrine, layout_loops_ring, lair_entry_dummy,
          gammafunk_ghost_berserking_beasts
D:9:      layout_basic, nicolae_elyvilon_peaceful_grove, enter_bailey_8,
          serial_shops, nicolae_diamond_shop
D:10:     layout_basic, mainiacjoe_overflow_concentric_impassable,
          serial_rivers, chequers_serial_rivers_small_3,
          chequers_serial_rivers_micro_b, chequers_serial_rivers_micro_e,
          chequers_serial_rivers_micro_b, chequers_serial_rivers_small_a,
          chequers_serial_rivers_small_b
D:11:     layout_roguey, hiddenorc2_lemuel, serial_shops, freezing_bzr,
          minmay_misc_feat_hallway, uniq_nergalle, uniq_harold
Temple:   compressed_dpeg_circular_temple
Lair:1:   layout_loops_ring, gauntlet_entry_generic, uniq_urug
Lair:2:   gammafunk_worm_tunnel, layout_chaotic_city, elwin_shoals_entry_rooms,
          spider_nest_entry_funnel_web, portal_ice_cave_entry_imps

Skill      XL: |  1  2  3  4  5  6  7  8  9 10 11 12 |
---------------+-------------------------------------+-----
Fighting       | 2 3 4 5 6 |  6.1
Short Blades   | 1 4 6 7 8 10 11 | 11.5
Stealth        | 4 5 6 7 |  7.6
Dodging        | 5 7 10 12 | 12.8
Evocations     | 4 6 |  6.8
Shields        | 2 4 5 |  5.3

Action                   |  1- 3 |  4- 6 |  7- 9 | 10-12 || total
-------------------------+-------+-------+-------+-------++-------
Melee: Unarmed           |    71 |       |       |       ||    71
       Constrict         |    25 |    19 |    66 |    59 ||   169
       Tentacles         |    24 |    24 |   107 |   147 ||   302
       Punch             |     2 |     3 |     8 |     6 ||    19
       Dagger            |    14 |    76 |   362 |   119 ||   571
       Short sword       |       |       |       |   313 ||   313
Evoke: Wand              |       |     2 |    14 |    33 ||    49
       Phial of floods   |       |       |       |     1 ||     1
  Use: Scroll            |       |       |    14 |    12 ||    26
       Potion            |       |       |       |     3 ||     3
 Stab: Sleeping          |     4 |    14 |    25 |    15 ||    58
       Distracted        |       |     1 |       |     1 ||     2
       Invisible         |       |       |       |     2 ||     2
       Paralysed         |       |       |       |     2 ||     2
Armor: Skin              |    12 |     3 |     7 |     2 ||    24
Dodge: Dodged            |    72 |    27 |    92 |   233 ||   424
Block: Other             |       |       |    33 |    33 ||    66
       Reflection        |       |       |     1 |    10 ||    11
       Kite shield       |       |       |       |     9 ||     9
       Buckler           |       |       |       |   103 ||   103

Table legend: (Time is in decaauts)
 A = Elapsed time spent in this place.
 B = Non-inter-level travel time spent in this place.
 C = Inter-level travel time spent in this place.
 D = Time resting spent in this place.
 E = Time spent auto-exploring this place.
 F = Levels seen in this place.
 G = Mean time per level.
                   A        B        C        D        E       F      G
               +--------+--------+--------+--------+--------+-----+--------+
         Total |  16546 |  15693 |    853 |   4624 |   7042 |  17 |  973.3 |
       Dungeon |  11757 |  11025 |    732 |   3108 |   5494 |  11 | 1068.8 |
        Temple |     86 |     71 |     15 |      0 |     57 |   1 |   86.0 |
          Lair |   3111 |   3005 |    106 |    908 |   1168 |   2 | 1555.5 |
       Ossuary |    455 |    455 |      0 |    198 |    114 |   1 |  455.0 |
        Bailey |    572 |    572 |      0 |    221 |     46 |   1 |  572.0 |
      Gauntlet |    562 |    562 |      0 |    189 |    163 |   1 |  562.0 |
               +--------+--------+--------+--------+--------+-----+--------+

Top non-repeatable levels by time:
     D:3: 1644 daAuts
  Lair:2: 1607 daAuts
     D:1: 1576 daAuts
     D:7: 1565 daAuts
  Lair:1: 1504 daAuts
    D:10: 1183 daAuts
     D:9: 1136 daAuts
     D:8: 1033 daAuts
     D:5: 1032 daAuts
     D:4: 912 daAuts
     D:2: 880 daAuts
     D:6: 723 daAuts
  Bailey: 572 daAuts
Gauntlet: 562 daAuts
 Ossuary: 455 daAuts
